 Dungeon Crawl Stone Soup version 0.17-a0-1678-g710b578 (webtiles) character file.

85 Leibowitz the Poker (level 4, 34/34 HPs)
             Began as a Merfolk Gladiator on Aug 19, 2015.
             Was a Follower of Sif Muna.
             Quit the game on level 3 of the Dungeon.
             The game lasted 00:08:14 (2564 turns).

Leibowitz the Poker (Merfolk Gladiator)             Turns: 2564, Time: 00:08:14

Health: 34/34      AC:  4    Str: 15    XL:     4   Next: 48%
Magic:  4/4        EV: 14    Int:  7    God:    Sif Muna [*.....]
Gold:   109        SH:  0    Dex: 15    Spells: 0 memorised, 3 levels left

rFire  . . .     SeeInvis .     a - +0 trident
rCold  . . .     Clarity  .     b - +0 leather armour
rNeg   . . .     SustAt   .     (no shield)
rPois  .         Gourm    .     c - +0 helmet
rElec  .         Spirit   .     (no cloak)
rCorr  .         Warding  .     (no gloves)
rMut   .         Rnd*Tele +     (no boots)
MR     .....                    (no amulet)
Stlth  ++........               (no ring)
                                n - ring of teleportation (curse)

@: not resistant to hostile enchantments, unstealthy
A: change form in water, swift swim
a: Channel Energy, Renounce Religion, Evoke Teleportation


You were on level 3 of the Dungeon.
You worshipped Sif Muna.
Sif Muna was aware of your devotion.
You were hungry.

You visited 1 branch of the dungeon, and saw 3 of its levels.

You collected 109 gold pieces.

Inventory:

Hand weapons
 a - a +0 trident (weapon)
Missiles
 i - 3 throwing nets (quivered)
Armour
 b - a +0 leather armour (worn)
 c - a +0 helmet (worn)
Jewellery
 n - a cursed ring of teleportation (left hand)
Scrolls
 f - a scroll of magic mapping
Potions
 g - 2 potions of curing
Comestibles
 e - 3 bread rations
 h - 3 meat rations
 j - a fruit


   Skills:
 * Level 2.6 Fighting
 * Level 5.7 Polearms
 - Level 2.0 Throwing
 + Level 0.4 Armour
 * Level 5.0 Dodging
 + Level 1.0 Stealth


You had 3 spell levels left.
You didn't know any spells.

Dungeon Overview and Level Annotations

Branches:
Dungeon (3/15)

Altars:
Fedhas
Sif Muna

Annotations:
D:2 exclusion: oklob plant


Message History

You start resting.
You feel sick.
Your surroundings suddenly seem different.
Found a fruit and a robe.
You feel sick.
You are no longer poisoned.
j - a fruit You start resting.
All of the chunks of flesh in your inventory have rotted away.
HP restored.
You are feeling hungry.
d - a golden potion
h - 3 meat rations (gained 1) Drink which item? (? for menu, Esc to quit)
It was a potion of cure mutation.
It has a very clean taste.
Found 6 sling bullets.
There is a faded altar to an unknown god here.
This altar will convert you to a god.
You cannot discern which.
Do you pray? Sif Muna accepts your prayer! Sif Muna welcomes you!
You can now tap ambient magical fields.
Are you sure you want to abandon this character and quit the game? (Confirm with "yes".)

#......# #.#.#.## #.....#
#...### #.##### ##.######
#...... #.......# ......
#...8...# #.... #..8.8..#
#....###.8.@.8.##### # #
#.....##..8.8......# ####
.(..#........8....##.### #...
#.......#..............####.##
###....##...###.##........#.##
##.## ##### #.##..<..##.#.##
#>.. #........##.#... #.).#
#.##..#.......#. #...#
#.##..#.###.####


There were no monsters in sight!

Vanquished Creatures
  2 adders
  An ooze (D:2)
  A worm (D:2)
  An orc (D:3)
  A ball python (D:2)
  9 bats
  5 giant cockroaches
  5 goblins
  7 hobgoblins
  2 quokkas
  4 giant newts
  7 kobolds
  10 rats
55 creatures vanquished.

Notes
Turn   | Place    | Note
--------------------------------------------------------------
     0 | D:1      | Leibowitz the Merfolk Gladiator began the quest for the Orb.
     0 | D:1      | Reached XP level 1. HP: 16/16 MP: 1/1
    99 | D:1      | Reached XP level 2. HP: 22/22 MP: 2/2
   267 | D:1      | Reached skill level 5 in Polearms
   629 | D:1      | Reached XP level 3. HP: 28/28 MP: 3/3
  1727 | D:2      | Reached XP level 4. HP: 34/34 MP: 4/4
  1800 | D:2      | Found a blossoming altar of Fedhas.
  1816 | D:2      | Noticed an oklob plant
  2054 | D:3      | Found a faded altar to an unknown god.
  2111 | D:3      | Reached skill level 1 in Stealth
  2264 | D:3      | Reached skill level 5 in Dodging
  2564 | D:3      | Became a worshipper of Sif Muna the Loreminder
  2564 | D:3      | Acquired Sif Muna's first power
  2564 | D:3      | Quit the game

Vault maps used:
D:1:      dpeg_arrival_round_a, roderic_lattice_a
D:2:      first_bread, tgw_fedhas
D:3:      ecumenical_altar_2, serial_glass, glass_columns_a, glass_columns_c,
          glass_columns_a, glass_columns_a, glass_columns_b, glass_columns_a,
          glass_columns_c, glass_columns_b, item_on_display_a,
          minmay_strange_pillars, feat_on_display, corexii_corridor_pit,
          tgw_trog, uniq_iyjb

Action                   |  1- 3 |  4- 6 || total
-------------------------+-------+-------++-------
Melee: Trident           |   137 |    67 ||   204
Throw: Throwing net      |     3 |     3 ||     6
  Use: Potion            |     3 |     3 ||     6
       Scroll            |     3 |     2 ||     5
 Stab: Sleeping          |     6 |       ||     6
  Eat: Chunk             |     3 |     2 ||     5
